 Dungeon Crawl Stone Soup version 0.22-a0-305-gd21a89c (webtiles) character file.

442 Amnesiac the Slicer (level 7, -1/41 HPs)
             Began as a Kobold Fighter on Mar 31, 2018.
             Succumbed to an orc wizard's poison
             ... on level 5 of the Dungeon.
             The game lasted 00:04:42 (2185 turns).

Amnesiac the Slicer (Kobold Fighter)                Turns: 2185, Time: 00:04:43

Health: -1/41      AC: 12    Str: 15    XL:     7   Next: 23%
Magic:  7/7        EV:  5    Int: 10    God:
Gold:   109        SH:  0    Dex: 14    Spells: 6/6 levels left

rFire    . . .     SeeInvis .   a - +0 rapier
rCold    . . .     Gourm    .   c - +0 shield
rNeg     . . .     Faith    .   g - +0 plate armour
rPois    .         Spirit   .   (no helmet)
rElec    .         Reflect  .   (no cloak)
rCorr    .         Harm     .   (no gloves)
MR       .....                  e - +0 pair of boots
Stlth    ..........             (no amulet)
HPRegen  0.13/turn              (no ring)
MPRegen  0.10/turn              (no ring)

@: confused, lethally poisoned (-1 -> -46)
A: small, carnivore
a: no special abilities


You were on level 5 of the Dungeon.
You were completely stuffed.

You visited 1 branch of the dungeon, and saw 5 of its levels.

You collected 109 gold pieces.

Inventory:

Hand Weapons
 a - a +0 rapier (weapon)
Armour
 c - a +0 shield (worn)
 e - a +0 pair of boots (worn)
 g - a +0 plate armour (worn)
Scrolls
 d - a scroll of torment {!r, unknown}
 i - 3 scrolls of enchant weapon {!r, unknown}
 j - a scroll of magic mapping {!r, unknown}
Comestibles
 f - 4 rations


   Skills:
 + Level 3.5 Fighting
 - Level 8.2 Short Blades
 * Level 2.8 Armour
 + Level 2.8 Dodging
 * Level 2.8 Shields


You had 6 spell levels left.
You didn't know any spells.

Dungeon Overview and Level Annotations

Branches:
Dungeon (5/15)
 Temple: D:4-7

Altars:
Kikubaaqudgha
Nemelex Xobeh

Annotations:
D:4 Pikel
D:5 Dowan, Duvessa


Innate Abilities, Weirdness & Mutations

You are small and have problems with some larger weapons.
You are carnivorous and can eat meat at any time.


Message History

The orc wizard hits you but does no damage.
You are more poisoned.
You hit the orc wizard.
The orc wizard is severely wounded.
* * * LOW HITPOINT WARNING * * *
You feel very sick.
The orc wizard gestures at you while chanting.
You are more confused.
All of the chunks of flesh in your inventory have rotted away.
You completely miss the orc wizard.
The orc wizard is severely wounded.
* * * LOW HITPOINT WARNING * * *
You feel very sick.
The orc wizard hits you but does no damage.
You are more poisoned.
You bump into the rock wall.
* * * LOW HITPOINT WARNING * * *
You feel very sick.
The orc wizard points at you and mumbles some strange words.
The magic dart hits you!
Your plate armour prevents you from hitting the orc wizard.
The orc wizard is severely wounded.
* * * LOW HITPOINT WARNING * * *
You feel very sick. The orc wizard casts a spell at you.
The puff of flame misses you.
Really quaff
h - a potion of ambrosia {!q}?
You are more confused.
You feel invigorated.
* * * LOW HITPOINT WARNING * * *
You feel very sick.
The orc wizard hits you but does no damage.
You are more poisoned.
Unknown command.
You bump into the rock wall.
* * * LOW HITPOINT WARNING * * *
You feel very sick.
The orc wizard gestures wildly while chanting.
The orc wizard flickers and vanishes!
Deactivating autopickup; reactivate with Ctrl-A.
You bump into the rock wall.
* * * LOW HITPOINT WARNING * * *
You feel very sick. Something hits you but does no damage.
You are more poisoned.
You bump into the rock wall.
* * * LOW HITPOINT WARNING * * *
You feel very sick.
You hear some strange, mumbled words.
A puff of flame appears from out of thin air!
The puff of flame hits you!
* * * LOW HITPOINT WARNING * * *
You bump into the rock wall.
* * * LOW HITPOINT WARNING * * *
You feel very sick.
You hear some strange, mumbled words.
You are more confused.
You bump into the rock wall.
You feel less invigorated.
* * * LOW HITPOINT WARNING * * *
You feel very sick. Something hits you but does no damage.
You are more poisoned.
You miss something.
You die...

##### ##...## # ##....>## #
#.......#####
##########............
#######....@{o.............#
........#########.....####.#
.######.##########...## #.#
##....#≈#...##..#### #..
##......#.........[.# ### #
##................##.# ##
#.##..#.ee.......#...##.####.
#.#..##..........##..##......
#.....................######.


You could see an orc.

Vanquished Creatures
  A slave (D:4)
  A bullfrog (D:5)
  A scorpion (D:4)
  2 crimson imps (D:5)
  2 orc priests
  2 orc wizards (D:4)
  A hound (D:5)
  2 worker ants
  2 adders
  An ooze (D:3)
  An adder zombie (D:5)
  A dart slug (D:5)
  A leopard gecko (D:4)
  12 orcs
  A giant cockroach (D:3)
  A goblin (D:1)
  A hobgoblin (D:3)
  3 jackals (D:3)
  2 bats
  2 frilled lizards (D:3)
40 creatures vanquished.

Notes
Turn   | Place    | Note
-------+----------+-------------------------------------------
     0 | D:1      | Amnesiac the Kobold Fighter began the quest for the Orb.
     0 | D:1      | Reached XP level 1. HP: 14/14 MP: 1/1
    93 | D:2      | Found an ancient bone altar of Kikubaaqudgha.
   120 | D:2      | Reached skill level 3 in Short Blades
   157 | D:3      | Reached XP level 2. HP: 16/19 MP: 2/2
   184 | D:3      | Reached skill level 1 in Dodging
   443 | D:3      | Reached XP level 3. HP: 16/23 MP: 3/3
   447 | D:3      | Reached skill level 4 in Short Blades
   699 | D:4      | Noticed a scorpion
   758 | D:3      | Reached XP level 4. HP: 28/28 MP: 4/4
   776 | D:3      | Reached skill level 5 in Short Blades
   816 | D:4      | Reached skill level 6 in Short Blades
   816 | D:4      | Reached XP level 5. HP: 3/32 MP: 5/5
  1347 | D:4      | Noticed a slave
  1348 | D:4      | Noticed Pikel
  1381 | D:4      | Killed a slave
  1521 | D:4      | Found a sparkling altar of Nemelex Xobeh.
  1607 | D:4      | Reached skill level 7 in Short Blades
  1607 | D:4      | Reached XP level 6. HP: 29/37 MP: 6/6
  1735 | D:4      | Noticed a slave
  1736 | D:4      | Noticed a slave
  1737 | D:4      | Noticed a slave
  1738 | D:5      | Entered Level 5 of the Dungeon
  1791 | D:5      | Reached skill level 8 in Short Blades
  1945 | D:5      | Reached XP level 7. HP: 40/41 MP: 7/7
  2023 | D:5      | Noticed Duvessa
  2023 | D:5      | Noticed Dowan
  2182 | D:5      | HP: 1/41 [something/puff of flame (7)]
  2185 | D:5      | Succumbed to an orc wizard's poison

Vault maps used:
D:1:      dpeg_arrival_arbitrary_b
D:2:      gammafunk_temple_overflow_wave, lemuel_round_altar,
          minmay_pentomino_x2, uniq_jessica
D:3:      first_ration
D:4:      kennysheep_mini, uniq_pikel
D:5:      old_standard_altar, lemuel_coloured_pillars_altar, serial_shops, shop,
          minmay_tree_intersection, kennysheep_decorative_pillar, uniq_duvessa

Skill      XL: |  1  2  3  4  5  6 |
---------------+-------------------+-----
Short Blades   | 3 4 6 7 8 |  8.2
Dodging        | 1 2 |  2.8
Fighting       | |  3.5
Armour         | |  2.8
Shields        | |  2.8

Action                   |  1- 3 |  4- 6 |  7- 9 || total
-------------------------+-------+-------+-------++-------
Melee: Rapier            |    93 |   154 |    27 ||   274
  Use: Potion            |       |     2 |     1 ||     3
       Scroll            |       |     4 |       ||     4
  Eat: Chunk             |     8 |     3 |     2 ||    13
Armor: Scale mail        |    57 |    29 |       ||    86
       Plate armour      |       |    13 |    18 ||    31
Dodge: Dodged            |    41 |    31 |     2 ||    74
Block: Shield            |    65 |    53 |    10 ||   128

Table legend:
 A = Spawn XP
 B = Non-spawn XP
 C = Spawn XP percentage of total XP
 D = Spawn monster count
 E = Non-spawn monster count
 F = Spawn count percentage of total count
 G = Total turns spent on level
                    A         B        C        D         E        F      G
               +---------+---------+-------+---------+---------+-------+---------
         Total |       0 |     632 |   0.0 |       0 |      39 |   0.0 |  2185
               +---------+---------+-------+---------+---------+-------+---------
           D:1 |       0 |       3 |   0.0 |       0 |       2 |   0.0 |    93
           D:2 |       0 |       1 |   0.0 |       0 |       1 |   0.0 |    40
           D:3 |       0 |      99 |   0.0 |       0 |      18 |   0.0 |   577
           D:4 |       0 |     251 |   0.0 |       0 |       9 |   0.0 |  1118
           D:5 |       0 |     278 |   0.0 |       0 |       9 |   0.0 |   357
               +---------+---------+-------+---------+---------+-------+---------
